Map: Ice and Chrome LE

Players

HBKDestroyer

  • Race: Zerg Zerg
  • League: Silver
  • Spawn Location: 7:00

WamBamTYCam - Winner!

  • Race: Zerg Zerg
  • League: Silver
  • Spawn Location: 1:00

VOD

Have the link to the VOD?

Description

Time

  • Played on: July 7, 2020, 11:07 a.m.
  • Length: 12:59
Show
View Real Time Build Order
Export as new Build Order

HBKDestroyer Zerg 

Build Orders: Hatch First 

Get SALT Encoding   

  12  0:02  Drone  
  13  0:13  Overlord  
  13  0:18  Drone  
  14  0:32  Drone x2  
  16  0:52  Hatchery  
  15  0:59  Drone  
  15  1:02  Extractor  
  15  1:03  Drone  
  16  1:07  Extractor  
  15  1:22  Spawning Pool  
  14  1:34  Drone x3  
  17  1:48  Drone  
  18  1:55  Drone  
  19  2:08  Queen  
  19  2:09  Queen  
  19  2:11  Zergling x4  
  19  2:15  Zergling x2  
  26  2:20  Drone  
  27  2:25  Overlord  
  27  2:30  Metabolic Boost  
  27  2:41  Drone  
  28  2:59  Drone x5  
  33  3:13  Hatchery  
  33  3:20  Drone x4  
  33  3:23  Overlord  
  36  3:28  Overlord  
  36  3:41  Queen  
  36  3:42  Lair  
  36  3:44  Drone  
  39  3:48  Zergling x4  
  39  3:54  Roach Warren  
  40  4:00  Drone x3  
  43  4:06  Extractor  
  42  4:24  Drone x2  
  42  4:25  Drone  
  42  4:27  Drone x3  
  42  4:30  Queen  
  50  4:33  Drone x2  
  50  4:56  Drone  
  50  4:59  Extractor  
  49  5:01  Extractor  
  49  5:06  Roach  
  56  5:07  Roach x3  
  38  5:26  Roach x3  
  38  5:27  Roach x7  
  56  5:43  Zergling x2  
  56  5:44  Zergling x2  
  50  6:00  Queen  
  50  6:02  Roach x3  
  58  6:11  Overlord x5  
  58  6:24  Overlord x3  
  58  6:35  Queen  
  58  6:37  Roach  
  58  6:38  Roach x3  
  68  6:46  Drone x2  
  68  6:47  Drone x2  
  72  6:49  Roach  
  72  6:52  Ravager x3  
  77  6:58  Glial Reconstitution  
  77  7:03  Drone x2  
  77  7:06  Drone  
  80  7:31  Roach x7  
  94  7:56  Queen  
  96  8:02  Spire  
  93  8:07  Queen  
  93  8:10  Queen  
  97  8:15  Spore Crawler  
  96  8:26  Spore Crawler  
  95  8:32  Queen  
  89  9:14  Mutalisk  
  89  9:15  Mutalisk x7  
  105  9:31  Overlord x4  
  105  9:32  Overlord x2  
  88  10:16  Mutalisk x5  
  90  10:54  Roach x3  
  90  10:55  Roach  
  84  11:16  Roach  
  84  11:17  Roach x8  
  55  12:07  Corruptor  
  55  12:08  Corruptor x3  
  51  12:10  Corruptor  
  51  12:14  Drone x2  
  41  12:25  Drone x3  
Show
View Real Time Build Order
Export as new Build Order

WamBamTYCam Zerg - Winner!

Build Orders: Hatch First, Muta Ling Bane 

Get SALT Encoding   

  12  0:01  Drone  
  13  0:13  Overlord  
  13  0:18  Drone  
  14  0:31  Drone  
  14  0:32  Drone  
  16  0:53  Hatchery  
  16  0:55  Drone  
  16  1:09  Extractor  
  15  1:15  Drone  
  15  1:16  Drone  
  17  1:20  Spawning Pool  
  16  1:40  Drone  
  16  1:41  Drone x2  
  19  2:05  Drone, Overlord  
  19  2:07  Queen  
  22  2:09  Drone  
  22  2:14  Metabolic Boost  
  23  2:15  Zergling x2  
  23  2:20  Queen  
  26  2:25  Drone  
  26  2:28  Drone  
  28  2:36  Baneling Nest  
  27  2:40  Drone x2  
  30  2:44  Drone  
  30  2:58  Zergling x2  
  30  2:59  Overlord  
  30  3:00  Drone x2  
  33  3:07  Extractor  
  33  3:12  Queen  
  32  3:14  Drone  
  35  3:26  Zergling x4  
  38  3:27  Zergling x4  
  38  3:32  Drone x2, Overlord  
  41  3:36  Drone  
  41  3:37  Zergling x4  
  44  3:42  Lair  
  44  3:58  Drone x2  
  47  4:02  Drone  
  47  4:03  Drone x3  
  47  4:09  Roach Warren  
  49  4:10  Drone  
  49  4:11  Evolution Chamber  
  49  4:12  Drone  
  49  4:15  Overlord  
  50  4:19  Baneling x3  
  50  4:20  Baneling  
  50  4:31  Drone  
  50  4:32  Drone  
  50  4:35  Drone x2  
  50  4:36  Zergling x4, Drone  
  50  4:38  Zergling x4  
  59  4:44  Zerg Melee Weapons Level 1  
  55  4:58  Zergling x6  
  55  4:59  Zergling x6  
  46  5:25  Drone x3, Queen  
  51  5:32  Glial Reconstitution  
  51  5:33  Evolution Chamber, Spire  
  39  6:01  Queen  
  39  6:04  Spine Crawler x2  
  39  6:05  Spine Crawler  
  36  6:11  Drone x2  
  36  6:12  Drone  
  36  6:13  Drone x3  
  36  6:15  Hatchery, Extractor  
  36  6:16  Extractor  
  39  6:19  Centrifical Hooks  
  39  6:37  Queen  
  41  6:42  Drone x4  
  45  6:49  Mutalisk x2  
  45  6:50  Mutalisk  
  45  6:51  Zergling x2  
  52  6:56  Drone  
  52  6:58  Drone  
  52  6:59  Drone  
  55  7:12  Queen  
  57  7:19  Mutalisk  
  57  7:21  Zergling x2, Overlord x3  
  60  7:29  Drone x2  
  62  7:31  Drone  
  62  7:33  Mutalisk  
  62  7:36  Zergling x2  
  66  7:39  Queen  
  66  7:43  Mutalisk x2  
  72  7:44  Zergling x2  
  72  7:45  Drone  
  72  7:48  Pneumatized Carapace  
  74  7:56  Drone  
  74  7:57  Drone  
  75  8:06  Infestation Pit  
  75  8:09  Drone  
  75  8:13  Drone  
  75  8:15  Drone x4  
  75  8:16  Mutalisk  
  75  8:17  Mutalisk x2  
  75  8:18  Mutalisk  
  88  8:21  Overlord  
  88  8:37  Drone  
  89  8:43  Drone x3  
  89  8:45  Mutalisk x3  
  94  9:12  Zergling x2  
  94  9:13  Zergling x6  
  94  9:56  Corruptor x3, Mutalisk  
  94  9:57  Mutalisk x2  
  94  9:58  Overlord x3  
  94  9:59  Zergling x8  
  96  10:00  Zergling x4  
  90  10:08  Spore Crawler  
  90  10:09  Spore Crawler  
  90  10:11  Spore Crawler x2  
  90  10:12  Drone x2  
  90  10:13  Spore Crawler  
  87  10:15  Spore Crawler  
  84  10:30  Baneling x4  
  84  10:31  Baneling  
  84  10:33  Corruptor  
  84  10:34  Corruptor x2  
  84  10:35  Mutalisk x3  
  94  10:36  Zergling x4  
  75  11:01  Mutalisk x2  
  75  11:02  Mutalisk  
  71  11:15  Mutalisk  
  71  11:16  Zergling x6  
  71  11:17  Zergling x6  
  56  11:34  Mutalisk x2  
  56  11:35  Zergling x2  
  56  11:36  Zergling x2  
  46  11:57  Zergling x6  
  46  11:58  Zergling x4  
  41  12:25  Mutalisk  
  41  12:26  Zergling x4  
  41  12:27  Zergling x6  
  49  12:37  Drone x3  
  49  12:38  Drone  
Tags
 
Add a new tag
Caveats
  • Supply blocks, unpowered buildings, or Contaminate may cause inaccurate times.
  • Supply counts are checked every 10 seconds.